 Dungeon Crawl Stone Soup version 0.18-a0-1343-g48c8f86 (webtiles) character file.

5567 M4edhros the Martial Artist (level 10, -7/70 HPs)
             Began as a Mummy Monk on Feb 16, 2016.
             Mangled by an orc warrior
             ... wielding a +0 trident
              (9 damage)
             ... on level 8 of the Dungeon.
             The game lasted 00:30:18 (16558 turns).

M4edhros the Martial Artist (Mummy Monk)           Turns: 16558, Time: 00:30:18

Health: -7/70      AC: 11    Str: 15    XL:     10   Next: 44%
Magic:  10/10      EV: 16    Int:  9    God:
Gold:   388        SH:  0    Dex: 18    Spells: 0 memorised, 9 levels left

rFire  x . .     SeeInvis .       - Unarmed
rCold  + . .     Gourm    .     (no armour)
rNeg   + + +     Faith    .     (no shield)
rPois  ∞         Spirit   .     o - +2 hat
rElec  .         Dismiss  .     p - +2 cloak
rCorr  .         Reflect  .     m - +2 pair of gloves
SustAt .         Harm     .     h - +2 pair of boots
MR     +....                    (no amulet)
Stlth  ++........               (no ring)
                                (no ring)

@: about to teleport, somewhat resistant to hostile enchantments, unstealthy
A: no food or potions, fire vulnerability, cold resistance 1, negative energy
resistance 3, torment resistance, unbreathing
a: no special abilities


You were on level 8 of the Dungeon.
You were not hungry.

You visited 1 branch of the dungeon, and saw 10 of its levels.

You collected 532 gold pieces.
You spent 144 gold pieces at shops.

Inventory:

Armour
 e - a +0 shield
 h - a +2 pair of boots (worn)
 m - a +2 pair of gloves (worn)
 o - a +2 hat (worn)
 p - a +2 cloak (worn)
Wands
 b - a wand of hasting (2/9)
 i - a wand of iceblast (9/15)
 l - a wand of enslavement (6/24)
 q - a wand of iceblast (7/15)
 s - a wand of polymorph (7/24)
Scrolls
 a - 3 scrolls of teleportation
 c - 2 scrolls of remove curse
 d - 2 scrolls of random uselessness
 f - 3 scrolls of identify
 g - a scroll of magic mapping
 j - 2 scrolls of recharging
 k - a scroll of amnesia
Books
 n - a book of Maledictions

   Spells                             Type                      Level
   a - Corona                         Hexes                        1
   b - Ensorcelled Hibernation        Hexes/Ice                    2
   c - Confuse                        Hexes                        3
   d - Tukima's Dance                 Hexes                        3
   e - Dazzling Spray                 Conjuration/Hexes            3
Comestibles
 r - a royal jelly


   Skills:
 - Level 3.0 Fighting
 + Level 6.2 Dodging
 - Level 1.5 Stealth
 + Level 5.6 Shields
 - Level 10.8 Unarmed Combat


You had 9 spell levels left.
You didn't know any spells.

Dungeon Overview and Level Annotations

Branches:
Dungeon (10/15)            Temple (0/1) D:5
   Lair: D:8-11         Orc: D:9-12

Altars:
Dithmenos
Fedhas
Gozag
Kikubaaqudgha
Pakellas
Ru
Sif Muna
Vehumet

Shops:
D:5 *   D:6 *   D:9 [

Annotations:
D:4 Ogre spiked club damn it


Innate Abilities, Weirdness & Mutations

You do not eat or drink.
Your flesh is vulnerable to fire.
You are immune to poison.
Your flesh is cold resistant.
You are immune to negative energy.
You are immune to unholy pain and torment.
You can survive without breathing.


Message History

Okay, then.
The orc warrior hits you from afar with a trident!
* * * LOW HITPOINT WARNING * * *
The worker ant closely misses you.
Read which item? (? for menu, Esc to quit)
As you read the scroll of teleportation, it crumbles to dust.
You feel strangely unstable. The orc wizard barely misses you.
The orc barely misses you. The worker ant barely misses you.
The orc warrior misses you. The worker ant closely misses you.
The adder zombie barely misses you. The orc wizard barely misses you.
The worker ant bites you.
* * * LOW HITPOINT WARNING * * *
The orc warrior hits you from afar with a trident.
* * * LOW HITPOINT WARNING * * *
The adder zombie barely misses you.
The worker ant bites you but does no damage.
The adder zombie completely misses you.
The orc warrior hits you from afar with a trident!
You die...

###......# ##.## ##..####.#
......##.# ##.## ##=...#.#
.##.####.####...## ##..##.#.#
###.##..(........###........#
#.##.#.####.....#%#..##..##
#.##.#..####..##.##..#...#
#........# ##........#.#.#
#######.############...!.#
#..........@o.# ###.###
######.##.#.....Zao# #.#
........#.#......o.# #.#
...###.............# #.# ..>#
#.#.##........# #.# ####
#.#.##.....>..# #.#
#.............# #.#
###.########### #.#
##...###### #<#


You could see an orc warrior, a worker ant, an orc wizard, an orc and an adder
zombie.

Vanquished Creatures
  A slime creature (D:10)
  A spriggan (D:7)
  5 yaks
  3 water moccasins (D:7)
  An orc warrior (D:9)
  3 sky beasts
  A wasp (D:10)
  3 ice beasts
  2 black bears
  2 phantoms
  A centaur (D:9)
  4 ogres
  A crocodile (D:9)
  A big kobold (D:8)
  9 giant frogs
  A scorpion (D:4)
  6 killer bees
  5 crimson imps
  A centaur zombie (D:7)
  A quasit (D:9)
  10 orc priests
  A giant frog skeleton (D:6)
  3 hounds
  A jelly (D:5)
  3 iguanas
  9 orc wizards
  7 worker ants
  A hound skeleton (D:6)
  2 worker ant zombies
  4 gnolls
  21 adders
  A shadow imp (D:9)
  2 oozes (D:1)
  2 adder zombies (D:5)
  4 adder skeletons
  3 worms
  4 giant geckos
  40 orcs
  10 bats
  3 giant cockroaches
  7 goblins
  7 hobgoblins
  13 jackals
  8 quokkas
  A ball python (D:5)
  7 giant newts
  A jackal skeleton (D:4)
  13 kobolds
  12 rats
252 creatures vanquished.

Vanquished Creatures (others)
  3 fungi (D:4)
3 creatures vanquished.

Grand Total: 255 creatures vanquished

Notes
Turn   | Place    | Note
--------------------------------------------------------------
     0 | D:1      | M4edhros the Mummy Monk began the quest for the Orb.
     0 | D:1      | Reached XP level 1. HP: 18/18 MP: 1/1
   285 | D:1      | Reached XP level 2. HP: 24/24 MP: 2/2
   647 | D:1      | Reached skill level 4 in Unarmed Combat
  1097 | D:1      | Reached XP level 3. HP: 12/29 MP: 3/3
  2535 | D:2      | Reached XP level 4. HP: 32/35 MP: 4/4
  3048 | D:2      | Found a deep blue altar of Sif Muna.
  3528 | D:3      | Reached skill level 5 in Unarmed Combat
  3912 | D:3      | Found an opulent altar of Gozag.
  3987 | D:3      | Found a shadowy altar of Dithmenos.
  4111 | D:3      | You fall through a shaft!
  4143 | D:4      | Found a blossoming altar of Fedhas.
  4483 | D:4      | Reached XP level 5. HP: 32/41 MP: 5/5
  4692 | D:4      | Reached skill level 6 in Unarmed Combat
  4920 | D:4      | Noticed a phantom
  4946 | D:4      | Reached XP level 6. HP: 34/47 MP: 6/6
  6145 | D:3      | Reached skill level 7 in Unarmed Combat
  6145 | D:3      | Reached XP level 7. HP: 18/52 MP: 7/7
  6490 | D:4      | Found a sacrificial altar of Ru.
  6513 | D:5      | Entered Level 5 of the Dungeon
  7284 | D:5      | Found a staircase to the Ecumenical Temple.
  8672 | D:3      | Reached skill level 8 in Unarmed Combat
  8930 | D:5      | Found Figim's Serpentskin Sales.
  9594 | D:6      | Reached XP level 8. HP: 58/58 MP: 8/8
  9821 | D:6      | Found Plog's Elemental Accessories.
 10176 | D:6      | You fall through a shaft!
 10370 | D:8      | Reached skill level 9 in Unarmed Combat
 11405 | D:7      | got 8 ac already, now working on my ev
 11441 | D:7      | Reached skill level 10 in Unarmed Combat
 11629 | D:7      | Reached XP level 9. HP: 55/63 MP: 9/9
 11797 | D:7      | and i forgot i have shield with me
 11936 | D:7      | Reached skill level 1 in Shields
 12331 | D:6      | Found an oddly glowing altar of Pakellas.
 12331 | D:6      | Found a radiant altar of Vehumet.
 12332 | D:6      | Found an ancient bone altar of Kikubaaqudgha.
 13481 | D:9      | HP: 2/63 [giant frog (9)]
 14003 | D:9      | Reached skill level 5 in Dodging
 14003 | D:9      | Reached XP level 10. HP: 50/70 MP: 10/10
 14674 | D:9      | Found Riprow's Antique Armour Emporium.
 14682 | D:9      | Bought a pair of runed gloves for 144 gold pieces
 14687 | D:9      | found +2gloves, got 11 armour 16 ev right now
 15312 | D:9      | Reached skill level 5 in Shields
 15925 | D:10     | Entered Level 10 of the Dungeon
 16557 | D:8      | HP: 2/70 [orc warrior/trident (4)]
 16558 | D:8      | Mangled by an orc warrior

Vault maps used:
D:1:      erik_arrival_gehennom, minmay_misc_feat_secret_circle
D:2:      lemuel_blue_sif_altar, first_bread
D:3:      lemuel_coloured_pillars_altar, nicolae_overflow_hidden_temple
D:4:      nicolae_ru_the_path_less_chosen, fedhas_altar_3
D:5:      temple_statues, guppyfry_shop_venom
D:6:      gammafunk_temple_overflow_claw, nicolae_elemental_shop
D:7:      kennysheep_doodads, the_bakery
D:9:      serial_shops, nicolae_shop_overgrown_old_shop
D:10:     lightli_orcish_oven

Action                   |  1- 3 |  4- 6 |  7- 9 | 10-12 || total
-------------------------+-------+-------+-------+-------++-------
Melee: Unarmed           |   139 |   226 |   641 |   201 ||  1207
  Use: Scroll            |       |       |    13 |     1 ||    14
 Stab: Sleeping          |     7 |     1 |     6 |     2 ||    16
       Distracted        |       |       |       |     1 ||     1
